 Dungeon Crawl Stone Soup version 0.21-a0-480-g5da0f0d (webtiles) character file.

170 slep the Cutter (level 5, -2/40 HPs)
             Began as a Demonspawn Wanderer on Nov 22, 2017.
             Was an Initiate of Okawaru.
             Slain by a gnoll
             ... wielding a +0 halberd
              (6 damage)
             ... on level 4 of the Dungeon.
             The game lasted 00:12:34 (2899 turns).

slep the Cutter (Demonspawn Wanderer)               Turns: 2899, Time: 00:12:35

Health: -2/40      AC: 13    Str: 10 (12) XL:     5   Next: 25%
Magic:  5/5        EV:  9    Int: 10 (13) God:    Okawaru [......]
Gold:   160        SH:  0    Dex: 13 (14) Spells: 4/4 levels left

rFire    . . .     SeeInvis .   b - +0 falchion
rCold    . . .     Gourm    .   (no shield)
rNeg     . . .     Faith    .   a - +2 scale mail
rPois    .         Spirit   .   (no helmet)
rElec    .         Reflect  .   (no cloak)
rCorr    .         Harm     +   (no gloves)
MR       .....                  (no boots)
Stlth    ..........             f - amulet of harm
HPRegen  0.13/turn              s - +3 ring of protection
MPRegen  0.09/turn              (no ring)

@: no status effects
A: claws 2, slimy green scales 1, screaming 1, wild magic 1
a: Renounce Religion


You were on level 4 of the Dungeon.
You worshipped Okawaru.
Okawaru was noncommittal.
You were not hungry.

You visited 2 branches of the dungeon, and saw 5 of its levels.

You collected 160 gold pieces.

Inventory:

Hand Weapons
 b - a +0 falchion (weapon)
Missiles
 g - 4 poisoned needles
Armour
 a - a +2 scale mail (worn)
Jewellery
 f - an amulet of harm (around neck)
 s - a +3 ring of protection (left claw)
Scrolls
 i - 3 scrolls of magic mapping {unknown}
 j - 8 scrolls of identify {unknown}
 l - 8 scrolls of remove curse {unknown}
 m - a scroll of teleportation {unknown}
 n - 2 scrolls of enchant weapon {unknown}
 q - 2 scrolls of immolation {unknown}
 u - a scroll of fog {unknown}
Comestibles
 k - a royal jelly


   Skills:
 + Level 2.8 Fighting
   Level 3.2(3.7) Short Blades
 + Level 2.6(3.4) Long Blades
 + Level 1.0 Throwing
 + Level 2.6 Armour
 + Level 1.7 Dodging
 + Level 0.1 Stealth
   Level 1.0 Evocations


You had 4 spell levels left.
You didn't know any spells.

Dungeon Overview and Level Annotations

Branches:
Dungeon (4/15)             Temple (1/1) D:4

Altars:
Elyvilon
Okawaru
Qazlal
The Shining One

Shops:
D:4 =![:

Annotations:
D:4 Dowan, Duvessa, Pikel


Innate Abilities, Weirdness & Mutations

You have very sharp fingernails.
You are partially covered in slimy green scales. (AC +2)
You occasionally shout uncontrollably at your foes.
Your spells are a little harder to cast, but a little more powerful.


Message History

Pikel hits you but does no damage. Pikel hits you but does no damage.
Pikel is no longer berserk.
Pikel hits you but does no damage.
Dowan says, "My weaknesses are her strengths!"
Pikel cracks his whip.
Pikel looks more energetic.
Found a dagger.
Dowan mumbles some strange words.
Dowan blinks!
You open the door.
There is an open door here.
Dowan gestures wildly while chanting.
Dowan blinks!
The gnoll shouts!
The gnoll hits you with a halberd.
* * * LOW HITPOINT WARNING * * *
An adder skeleton comes into view.
You feel a little less clever now.
The gnoll hits you from afar with a halberd.
You die...

#..........######### ..
#..........#.......#...
+......OK..O.......#..
#.........)#.......'.
#..........#K.##...#
.....###+###..##...#
.....#........p....#
.....+.............#
.....#........g.@..#
..... .............#
#..##...##...#
#...g.......##
...#.#.#.#...#
..⌠.∩.⌠....#
.#.#.#.#Z..#
..∩...∩....#
..#.#.#.#.g.#######


You could see Pikel, an ogre, a slave, 2 gnolls and an adder skeleton.

Vanquished Creatures
  A slave (Temple)
  A gnoll shaman (D:3)
  A worker ant (Temple)
  5 adders
  A worm (D:2)
  2 dart slugs
  4 leopard geckos
  An orc (D:3)
  3 bats
  A giant cockroach (D:2)
  15 hobgoblins
  2 jackals (D:2)
  8 kobolds
  3 quokkas
  4 frilled lizards
  3 goblins
  7 rats
62 creatures vanquished.

Notes
Turn   | Place    | Note
-------+----------+-------------------------------------------
     0 | D:1      | slep the Demonspawn Wanderer began the quest for the Orb.
     0 | D:1      | slep set off with: a +2 scale mail, a +0 falchion, a +0 short sword, a bread ration
     0 | D:1      | Reached XP level 1. HP: 16/16 MP: 1/1
   171 | D:1      | Gained mutation: You are partially covered in slimy green scales. (AC +2) [demonic ancestry]
   171 | D:1      | Reached XP level 2. HP: 14/23 MP: 2/2
   303 | D:1      | Reached skill level 3 in Short Blades
   798 | D:2      | Reached XP level 3. HP: 19/28 MP: 3/3
  1007 | D:2      | Reached skill level 1 in Long Blades
  1159 | D:2      | Gained mutation: You have sharp fingernails. [demonic ancestry]
  1159 | D:2      | Reached XP level 4. HP: 34/34 MP: 4/4
  1701 | D:3      | Found a white marble altar of Elyvilon.
  1718 | D:3      | Found a stormy altar of Qazlal.
  1739 | D:3      | Found a glowing golden altar of the Shining One.
  2135 | D:4      | Found Roirharuba's Antique Armour Shoppe.
  2135 | D:4      | Found Tilocisk's Book Shoppe.
  2135 | D:4      | Found Bettaseapi's Distillery.
  2148 | D:4      | Found Reoruc's Jewellery Shoppe.
  2187 | D:3      | Reached XP level 5. HP: 14/39 MP: 5/5
  2413 | D:4      | Noticed Duvessa
  2413 | D:4      | Noticed Dowan
  2461 | D:4      | Noticed a slave
  2461 | D:4      | Noticed a slave
  2472 | D:4      | Found a staircase to the Ecumenical Temple.
  2474 | D:4      | Noticed an ogre
  2477 | D:4      | HP: 1/39 [slave[Pikel] (8)]
  2478 | Temple   | Entered the Ecumenical Temple
  2483 | Temple   | HP: 2/58 [poisoned by a worker ant]
  2488 | Temple   | HP: 2/58 [slave[Pikel] (6)]
  2506 | Temple   | HP: 3/60 [slave[Pikel] (4)]
  2525 | Temple   | Killed a slave
  2572 | Temple   | Became a worshipper of Warmaster Okawaru
  2800 | Temple   | Gained mutation: You occasionally shout uncontrollably at your foes. [potion of mutation]
  2800 | Temple   | Gained mutation: Your spells are a little harder to cast, but a little more powerful. [potion of mutation]
  2800 | Temple   | Gained mutation: You have very sharp fingernails. [potion of mutation]
  2840 | D:4      | Noticed Pikel
  2840 | D:4      | Noticed a slave
  2841 | D:4      | Noticed a slave
  2860 | D:4      | HP: 2/40 [Pikel/whip of freezing (1)]
  2899 | D:4      | Slain by a gnoll

Vault maps used:
D:1:      co_arrival_square_in_a_square_in_a_square
D:2:      serial_curves, eino_curves_04, eino_curves_01
D:3:      grunt_qazlal_clouds, lemuel_crystal_altar, elyvilon_altar_5
D:4:      minmay_temple_entry_statues_pillars, first_bread,
          minmay_shop_grid_forest, kennysheep_cross_room,
          nicolae_ru_path_of_blood, uniq_pikel, uniq_duvessa, uniq_ijyb
Temple:   nicolae_temple_figure_eight

Skill      XL: |  1  2  3  4 |
---------------+-------------+-----
Short Blades   | 3 |  3.2
Armour         | 2 |  2.6
Long Blades    | 1 2 |  2.6
Fighting       | |  2.8
Throwing       | |  1.0
Dodging        | |  1.7
Stealth        | |  0.1
Evocations     | |  1.0

Action                   |  1- 3 |  4- 6 || total
-------------------------+-------+-------++-------
Melee: Falchion          |   143 |   192 ||   335
  Use: Potion            |       |    10 ||    10
  Eat: Chunk             |     1 |     4 ||     5
       Bread ration      |       |     1 ||     1
Armor: Scale mail        |   111 |   106 ||   217
       Skin              |       |    47 ||    47
Dodge: Dodged            |   103 |    97 ||   200
       Rpst.: Falchion   |    23 |    22 ||    45

Table legend:
 A = Spawn XP
 B = Non-spawn XP
 C = Spawn XP percentage of total XP
 D = Spawn monster count
 E = Non-spawn monster count
 F = Spawn count percentage of total count
 G = Total turns spent on level
                    A         B        C        D         E        F      G
               +---------+---------+-------+---------+---------+-------+---------
         Total |       0 |     243 |   0.0 |       0 |      61 |   0.0 |  2899
               +---------+---------+-------+---------+---------+-------+---------
           D:1 |       0 |      33 |   0.0 |       0 |      18 |   0.0 |   790
           D:2 |       0 |     100 |   0.0 |       0 |      26 |   0.0 |   773
           D:3 |       0 |      72 |   0.0 |       0 |      14 |   0.0 |   788
           D:4 |       0 |       4 |   0.0 |       0 |       2 |   0.0 |   215
        Temple |       0 |      34 |   0.0 |       0 |       1 |   0.0 |   333
               +---------+---------+-------+---------+---------+-------+---------
